Map: 2000 Atmospheres LE

Players

Throwfordays - Winner!

  • Race: Zerg Zerg
  • League: Silver

A.I. 1 (Medium)

  • Race: Protoss Protoss

VOD

Have the link to the VOD?

Description

Time

  • Played on: Aug. 25, 2021, 10:44 p.m.
  • Length: 6:05
Show
View Real Time Build Order
Export as new Build Order

Throwfordays Zerg - Winner!

Build Orders: Pool First 

Get SALT Encoding   

  12  0:17  Spawning Pool  
  11  0:22  Drone  
  11  0:26  Drone  
  13  0:31  Drone  
  14  0:58  Hatchery  
  14  1:01  Drone  
  14  1:09  Overlord  
  14  1:27  Zergling x4  
  14  1:28  Zergling x2  
  17  1:39  Queen  
  19  1:40  Zergling x2  
  20  1:50  Zergling x2  
  21  2:01  Drone  
  22  2:14  Drone  
  23  2:19  Queen  
  23  2:20  Drone  
  26  2:24  Drone  
  25  2:52  Zergling x2  
  25  2:53  Zergling x4  
  25  2:56  Overlord x2  
  26  3:12  Zergling x2  
  26  3:15  Zergling x6  
  29  3:21  Extractor  
  29  3:25  Zergling x2  
  29  3:30  Drone x3  
  29  3:33  Zergling x2  
  33  3:37  Zergling x2  
  33  3:38  Zergling x6  
  29  4:26  Zergling x6  
  29  4:27  Zergling x4  
  29  4:30  Zergling x10  
  29  4:31  Zergling x2  
  36  4:51  Extractor, Drone  
  35  4:54  Drone x2  
  35  4:58  Zergling x4  
  35  4:59  Zergling x2  
  40  5:02  Zergling x2  
  40  5:03  Zergling x6  
Show
View Real Time Build Order
Export as new Build Order

A.I. 1 (Medium) Protoss 

Build Orders:  

Get SALT Encoding   

  12  0:00  Probe  
  13  0:13  Probe  
  14  0:19  Pylon  
  14  0:25  Probe  
  15  0:34  Probe  
  15  0:42  Probe  
  16  0:47  Assimilator  
  17  0:50  Gateway  
  17  0:52  Probe  
  18  1:00  Pylon  
  18  1:27  Gateway  
  18  1:29  Zealot  
  18  1:32  Assimilator  
  20  1:42  Cybernetics Core  
  20  1:52  Zealot  
  22  2:05  Pylon  
  22  2:16  Stalker  
  22  2:18  Warp Gate  
  24  2:40  Stalker  
  22  2:53  Probe  
  22  2:54  Stalker  
  18  3:05  Probe  
  17  3:18  Probe  
  18  3:22  Zealot  
  20  3:30  Probe  
  21  3:42  Zealot, Probe  
  22  3:54  Probe  
  23  4:05  Stalker  
  23  4:06  Probe  
  22  4:26  Zealot  
  22  4:33  Zealot  
  20  4:40  Probe  
  17  4:52  Probe  
  18  4:54  Stalker  
  20  5:04  Probe  
  21  5:12  Probe  
  21  5:14  Zealot  
  21  5:21  Probe  
  24  5:29  Zealot  
  22  5:39  Zealot  
  17  5:48  Probe  
  2  6:00  Stalker  
Tags
 
Add a new tag
Caveats
  • Supply blocks, unpowered buildings, or Contaminate may cause inaccurate times.
  • Supply counts are checked every 10 seconds.